 Dungeon Crawl Stone Soup version 0.31-a0-1161-g593ecc8 (webtiles) character file.

Game seed: 10885008982504172576

166 PidgeyThePirate the Gusty (level 5, -5/28 HPs)
             Began as a Tengu Air Elementalist on Dec 8, 2023.
             Killed by divine providence
             ... invoked by an orc priest
              (15 damage)
             ... on level 4 of the Dungeon.
             The game lasted 00:06:06 (2910 turns).

PidgeyThePirate the Gusty (Tengu Air Elementalist)  Turns: 2910, Time: 00:06:09

Health: -5/28      AC:  5    Str: 10    XL:     5   Next: 47%
Magic:  1/10       EV: 10    Int: 15    God:
Gold:   130        SH:  0    Dex: 15    Spells: 3/9 levels left

rFire   . .          .
                       - Unarmed
rCold   . . .        (no shield)
rNeg    . . .        r - +0 ring mail
rPois   .            (helmet restricted)
rElec   .            (no cloak)
rCorr   .            (no gloves)
SInv    .            (boots unavailable)
Will    .....        (no amulet)
Stlth   +            (no ring)
HPRegen 0.24/turn    (no ring)
MPRegen 0.12/turn

%: acrobat
@: very slightly contaminated
A: beak, talons 3, acrobatic
a: no special abilities


You were on level 4 of the Dungeon.
You visited 1 branch of the dungeon, and saw 4 of its levels.

You collected 130 gold pieces.

Inventory:

Armour
 a - a +0 robe
 d - a +0 leather armour
 r - a +0 ring mail (worn)
Scrolls
 e - a scroll of fear {unknown}
 g - 2 scrolls of teleportation {unknown}
 j - 2 scrolls of poison {unknown}
 k - a scroll of immolation {unknown}
 o - a scroll of acquirement {unknown}
 p - a scroll of fog {unknown}
Potions
 b - 2 potions of magic
 c - 2 potions of curing {unknown}
 f - 2 potions of haste {unknown}
 h - a potion of mutation {unknown}
 i - a potion of degeneration {unknown}
 l - 2 potions of enlightenment {unknown}
 m - 2 potions of lignification {unknown}
 n - a potion of invisibility {unknown}
 q - a potion of heal wounds {unknown}


   Skills:
 + Level 1.6 Armour
 + Level 2.3 Dodging
 + Level 2.1 Stealth
 + Level 1.8 Unarmed Combat
 + Level 2.9 Spellcasting
 + Level 2.8 Conjurations
 + Level 5.4 Air Magic


You had 3 spell levels left.
You knew the following spells:

 Your Spells              Type           Power      Damage    Failure   Level
a - Shock                 Conj/Air       56%        1d6       10%         1
b - Static Discharge      Conj/Air       28%        3-5/arc   14%         2
c - Swiftness             Air            18%        N/A       16%         3

Your spell library contained the following spells:

 Spells                   Type           Power      Damage    Failure   Level
 Airstrike                Air            9%         2d(2-18)  47%         4


Dungeon Overview and Level Annotations

Branches:
Dungeon (4/15)
 Temple: D:4-7

Altars:
Makhleb
Wu Jian


Innate Abilities, Weirdness & Mutations

You have a beak for a mouth.
You have claws for feet.
You can magically evade attacks while moving or waiting.


Message History

The orc priest hits you with a +0 whip.
You completely miss the orc priest.
You claw the orc priest, but do no damage.
The orc priest is moderately wounded.
The orc priest hits you but does no damage.
Casting: Shock (safe; 10% risk of failure)
Confirm with . or Enter, or press ? or * to list all spells.
Aiming: Shock (safe; 10% risk of failure)
Press: ? - help, Shift-Dir - straight line The zap hits the orc priest.
The orc priest is severely wounded.
The orc priest hits you but does no damage.
Casting: Shock (safe; 10% risk of failure)
Confirm with . or Enter, or press ? or * to list all spells.
Aiming: Shock (safe; 10% risk of failure)
Press: ? - help, Shift-Dir - straight line The zap misses the orc priest.
The orc priest looks encouraged for a moment.
Casting: Shock (safe; 10% risk of failure)
Confirm with . or Enter, or press ? or * to list all spells.
Aiming: Shock (safe; 10% risk of failure)
Press: ? - help, Shift-Dir - straight line You miscast Shock.
You are very lightly contaminated with residual magic.
Nothing appears to happen.
The orc priest barely misses you.
Unknown command.
Casting: Shock (safe; 10% risk of failure)
Confirm with . or Enter, or press ? or * to list all spells.
Aiming: Shock (safe; 10% risk of failure)
Press: ? - help, Shift-Dir - straight line The zap hits the orc priest.
The orc priest is severely wounded.
The orc priest hits you with a +0 whip.
You hit the orc priest but do no damage.
You claw the orc priest, but do no damage.
The orc priest is severely wounded.
The orc priest invokes the aid of Beogh against you.
Beogh smites you!
Ouch! That really hurt!
You die...

##...##########
###...##
.....######
...####...#
#....##...######
...#...........#
^..###.........##
................##
###.......#####)@#
.........##.$.##o#
.........#$8$8.#.#
.....##..#_oo..')#
.#######.#.8.8.###
# ####.$.# ####


You could see an orc priest.

Vanquished Creatures
  2 orc priests
  An orc wizard (D:3)
  2 adders (D:3)
  2 worms (D:2)
  3 orcs
  7 endoplasms
  9 goblins
  8 hobgoblins
  4 jackals (D:1)
  A quokka (D:3)
  2 ball pythons (D:1)
  3 bats
  A frilled lizard (D:1)
  3 kobolds
  5 rats
53 creatures vanquished.

Notes
Turn   | Place    | Note
-------+----------+-------------------------------------------
     0 | D:1      | PidgeyThePirate the Tengu Air Elementalist began the quest
                  | for the Orb.
     0 | D:1      | Reached XP level 1. HP: 10/10 MP: 4/4
   159 | D:1      | Found a faded altar of an unknown god.
   242 | D:1      | Reached XP level 2. HP: 14/15 MP: 6/6
   996 | D:2      | Reached XP level 3. HP: 19/19 MP: 3/7
  1114 | D:2      | Found a burning altar of Makhleb.
  1292 | D:2      | Reached skill level 1 in Armour
  1946 | D:3      | Reached XP level 4. HP: 22/24 MP: 3/9
  2025 | D:3      | Reached skill level 5 in Air Magic
  2351 | D:3      | Reached XP level 5. HP: 28/28 MP: 7/10
  2364 | D:3      | Learned a level 2 spell: Static Discharge
  2368 | D:3      | Learned a level 3 spell: Swiftness
  2612 | D:3      | Found an ornate altar of the Wu Jian Council.
  2893 | D:4      | Reached skill level 1 in Unarmed Combat
  2910 | D:4      | Killed from afar by an orc priest

Illustrated notes

Levels and vault maps discovered:
D:1:      minmay_arrival_glassed_features, layout_loops_ring,
          shapermc_ecumenical_altar_starsandcircs
D:2:      layout_basic, basic_altar, item_on_display_a
D:3:      layout_basic, mainiacjoe_overflow_brackets
D:4:      layout_rooms, mainiacjoe_overflow_boulevard, kennysheep_orc_chapel

Skill      XL: |  1  2  3  4  5 |
---------------+----------------+-----
Armour         | 1 |  1.6
Conjurations   | 2 |  2.8
Air Magic      | 5 |  5.4
Unarmed Combat | 1 |  1.8
Dodging        | |  2.3
Stealth        | |  2.1
Spellcasting   | |  2.9

Action                     |  1- 3 |  4- 6 || total
---------------------------+-------+-------++-------
  Melee: Unarmed           |    16 |    25 ||    41
         Kick              |     5 |     9 ||    14
         Peck              |     3 |     4 ||     7
   Cast: Shock             |    63 |    39 ||   102
 Armour: Leather armour    |    12 |    10 ||    22
         Robe              |     1 |       ||     1
         Ring mail         |       |    14 ||    14
  Dodge: Dodged            |    23 |    22 ||    45

Table legend: (Time is in decaauts)
 A = Elapsed time spent in this place.
 B = Non-inter-level travel time spent in this place.
 C = Inter-level travel time spent in this place.
 D = Time resting spent in this place.
 E = Time spent auto-exploring this place.
 F = Levels seen in this place.
 G = Mean time per level.
                   A        B        C        D        E       F      G
               +--------+--------+--------+--------+--------+-----+--------+
         Total |   2909 |   2799 |    110 |      0 |   2447 |   4 |  727.2 |
       Dungeon |   2909 |   2799 |    110 |      0 |   2447 |   4 |  727.2 |
               +--------+--------+--------+--------+--------+-----+--------+

Top non-repeatable levels by time:
     D:2: 1123 daAuts
     D:1: 884 daAuts
     D:3: 836 daAuts
     D:4: 66 daAuts
